 Dungeon Crawl Stone Soup version 0.28-a0-850-g09de17f5b5 (webtiles) character file.

Game seed: 6654263071913464933

8805 marklar909 the Cleaver (level 11, -1/90 HPs)
             Began as a Palentonga Fighter on Nov 13, 2021.
             Was a Believer of Makhleb.
             Killed from afar by a ynoxinul (35 damage)
             ... with an iron shot
             ... on level 1 of the Abyss.
             The game lasted 00:17:53 (11845 turns).

marklar909 the Cleaver (Palentonga Fighter)        Turns: 11845, Time: 00:17:53

Health: -1/90      AC: 23    Str: 27    XL:     11   Next: 14%
Magic:  15/15      EV:  7    Int:  9    God:    Makhleb [**....]
Gold:   370        SH: 11    Dex: 11    Spells: 10/10 levels left

rFire   . . .      SeeInvis +   r - +5 war axe (vorpal)
rCold   + . .      Faith    .   c - +1 buckler
rNeg    . . .      Spirit   .   B - +1 ring mail {rC+}
rPois   .          Reflect  +   g - +2 helmet
rElec   .          Harm     .   (no cloak)
rCorr   .          Rampage  .   (no gloves)
Will    .....                   m - +0 barding
Stlth   +.........              b - amulet of reflection
HPRegen 0.25/turn               f - +6 ring of strength
MPRegen 0.14/turn               (no ring)

@: curled up
A: large, rugged brown scales 3, see invisible, deformed body, roll 1, armoured
tail, reflexive curl
a: Rolling Charge, Renounce Religion, Minor Destruction


You were on level 1 of the Abyss.
You worshipped Makhleb.
Makhleb was pleased with you.
You visited 3 branches of the dungeon, and saw 11 of its levels.
You visited the Abyss 1 time.
You also visited: Ossuary.

You collected 432 gold pieces.
You spent 62 gold pieces at shops.

Inventory:

Hand Weapons
 a - a +0 flail
 n - a +4 flail of protection
 r - a +5 vorpal war axe (weapon)
Missiles
 x - a throwing net
Armour
 c - a +1 buckler (worn)
 g - a +2 helmet (worn)
 m - a +0 barding (worn)
 B - a +1 ring mail of cold resistance (worn)
Jewellery
 b - an amulet of reflection (around neck)
 f - a +6 ring of strength (left hand)
 D - a +6 ring of intelligence
Wands
 d - a wand of flame (48)
 q - a wand of polymorph (10)
 t - a wand of charming (7)
 w - a wand of paralysis (13)
Scrolls
 A - a scroll of amnesia
Potions
 e - 3 potions of heal wounds
 h - 4 potions of flight
 i - 5 potions of curing
 k - 6 potions of magic
 l - a potion of invisibility
 p - 2 potions of haste {unknown}
 u - 2 potions of attraction {unknown}
 v - a potion of berserk rage {unknown}
 z - 2 potions of lignification {unknown}


   Skills:
 * Level 7.6 Fighting
 + Level 9.0(9.5) Axes
 + Level 4.4(7.2) Maces & Flails
 * Level 6.7 Armour
 + Level 2.5 Dodging
 + Level 0.5 Stealth
 * Level 6.7 Shields
 * Level 6.0 Invocations


You had 10 spell levels left.
You didn't know any spells.
Your spell library contained the following spells:

 Spells                   Type           Power      Damage    Failure   Level
 Ensorcelled Hibernation  Hex/Ice        0%         N/A       65%         2
 Gell's Gravitas          Tloc           0%         N/A       86%         3
 Portal Projectile        Hex/Tloc       0%         N/A       86%         3
 Teleport Other           Tloc           0%         N/A       86%         3
 Tukima's Dance           Hex            0%         N/A       86%         3
 Blade Hands              Tmut           0%         N/A       100%        5
 Excruciating Wounds      Necr           0%         N/A       100%        5
 Dispersal                Tloc           0%         N/A       100%        6


Dungeon Overview and Level Annotations

Branches:
Dungeon (9/15)             Temple (1/1) D:4            Lair (1/6) D:8
Ossuary (visited)
    Orc: D:9-12

Altars:
Ashenzari
Cheibriados
Dithmenos
Elyvilon
Fedhas
Hepliaklqana
Kikubaaqudgha
Makhleb
Nemelex Xobeh
Okawaru
Qazlal
Ru
Sif Muna
Trog
Uskayaw
Vehumet
Wu Jian
Xom
Yredelemnul
Zin
The Shining One

Shops:
D:5 =   D:7 *

Annotations:
D:2 1 runed translucent door, Crazy Yiuf
D:9 Erolcha


Innate Abilities, Weirdness & Mutations

You are completely covered in rugged brown scales. (AC +3, +7% HP)
You have supernaturally acute eyesight. (SInv)
Armour fits poorly on your strangely shaped body.
You can roll at nearby foes to attack.
You have a long armoured tail.
You curl defensively after being hit. (AC +7*)


Message History

You hit the tentacled starspawn but do no damage.
The tentacled starspawn is almost destroyed.
The ynoxinul gestures.
The tentacled starspawn closely misses you.
The tentacled starspawn tentacle-slaps you but does no damage.
You slash the tentacled starspawn!
You destroy the tentacled starspawn!
Makhleb accepts your kill.
You feel better.
The starspawn's tentacles wither and die.
The ynoxinul gestures.
Your Axes skill increases to level 9!
Your Invocations skill increases to level 6!
The ufetubus shouts! x2
The ynoxinul gestures.
You slice the ufetubus!!
You kill the ufetubus!
The ufetubus disappears in a puff of smoke!
The ufetubus barely misses you.
The ufetubus hits you but does no damage.
You miss the ufetubus. You tail-slap the ufetubus!
You kill the ufetubus!
The ufetubus disappears in a puff of smoke!
You barely miss the ufetubus.
Your tail-slap misses the ufetubus.
You block the ufetubus's attack.
The ufetubus hits you but does no damage.
You barely miss the ynoxinul.
You tail-slap the ynoxinul, but do no damage.
You hit the ynoxinul.
The ynoxinul is moderately wounded.
You block the ynoxinul's attack.
You hit the ynoxinul.
The ynoxinul is heavily wounded.
The ynoxinul gestures at you. The iron shot hits you!
You slash the ynoxinul!
The ynoxinul is almost dead.
The ynoxinul gestures at you. The iron shot hits you!!
You die...

.. .. #.#####
....... #...... ##
#......
#.##.##5......
#....@#.+ ###
##.###3# .. # ..
###55.. .. .... ...
#.#5......#. . .. .
#..
#......._.#..... ..
.#
..#........#.......
#.# #......# . ..
.. ≈ #.#......#....
. . #.. ...#..) . .


You could see a ynoxinul and 4 ufetubi.

Vanquished Creatures
  A tentacled starspawn (Abyss:1)
  A thrashing horror (Abyss:1)
  An apocalypse crab (Abyss:1)
  A cane toad (Lair:1)
  A komodo dragon (Lair:1)
  A rime drake (Lair:1)
  Sigmund (D:6)
  A wyvern (D:9)
  A wraith (D:8)
  3 steam dragons (D:7)
  6 water moccasins
  Duvessa (D:7)
  An orc warrior (D:8)
  An ice beast (D:7)
  3 black bears
  A sky beast (D:7)
  6 wolves (Lair:1)
  5 elf zombies (Ossuary)
  5 bullfrogs
  A gnoll sergeant (D:8)
  2 kobold brigands
  2 scorpions
  Dowan (D:7)
  2 water moccasin zombies (D:5)
  5 wights (D:8)
  3 howler monkeys
  9 centaur zombies
  7 orc priests
  A centaur skeleton (D:7)
  3 hounds
  4 human zombies (Ossuary)
  2 jellies (D:5)
  Ijyb (D:5)
  2 gnoll shamans
  Jessica (D:2)
  An iguana (D:4)
  A scorpion zombie (D:5)
  7 orc wizards
  2 hound skeletons (D:4)
  3 mummies (Ossuary)
  Robin (D:1)
  11 gnolls
  3 adders
  A shadow imp (D:6)
  3 ufetubi
  An adder zombie (D:5)
  A worm (D:4)
  25 orcs
  4 bats
  5 endoplasms
  3 giant cockroaches
  9 goblins
  7 hobgoblins
  4 jackals
  15 kobolds
  4 quokkas
  11 ball pythons
  5 frilled lizards
  A goblin zombie (D:5)
  8 rats
  A rat zombie (D:5)
  A starspawn tentacle (Abyss:1)
225 creatures vanquished.

Vanquished Creatures (collateral kills)
  A two-headed ogre (D:8)
1 creature vanquished.

Vanquished Creatures (others)
  An orc wizard (D:3)
  A kobold (D:9)
  3 fungi
  7 plants
  3 starspawn tentacles (Abyss:1)
15 creatures vanquished.

Grand Total: 241 creatures vanquished

Notes
Turn   | Place    | Note
-------+----------+-------------------------------------------
     0 | D:1      | marklar909 the Palentonga Fighter began the quest for the
                  | Orb.
     0 | D:1      | Reached XP level 1. HP: 19/19 MP: 1/1
   260 | D:1      | Reached XP level 2. HP: 18/25 MP: 2/2
   885 | D:2      | Noticed Robin
   892 | D:1      | Killed Robin
   893 | D:1      | Reached XP level 3. HP: 6/31 MP: 3/3
  1904 | D:2      | Found a snail-covered altar of Cheibriados.
  2094 | D:2      | Noticed Jessica
  2106 | D:2      | Killed Jessica
  2107 | D:2      | Reached XP level 4. HP: 32/39 MP: 4/4
  2307 | D:2      | You fall into a shaft and drop 1 floor!
  2490 | D:2      | Found a runed translucent door.
  2491 | D:2      | Noticed Crazy Yiuf
  2868 | D:3      | Reached XP level 5. HP: 37/44 MP: 5/5
  3281 | D:3      | Found a faded altar of an unknown god.
  3944 | D:4      | Found a staircase to the Ecumenical Temple.
  4138 | D:5      | Entered Level 5 of the Dungeon
  4149 | D:5      | Reached skill level 1 in Dodging
  4149 | D:5      | Reached XP level 6. HP: 49/51 MP: 6/6
  4369 | D:5      | Found a sand-covered staircase.
  4384 | Ossuary  | Entered an ossuary
  4402 | Ossuary  | Reached skill level 1 in Axes
  4413 | Ossuary  | Gained mutation: You curl defensively after being hit. (AC
                  | +7*) [Palentonga growth]
  4413 | Ossuary  | Reached XP level 7. HP: 39/57 MP: 7/7
  4433 | Ossuary  | Reached skill level 2 in Axes
  4790 | Ossuary  | Reached skill level 3 in Axes
  4938 | D:5      | Found Fekhopp's Jewellery Boutique.
  4981 | D:5      | Reached XP level 8. HP: 61/65 MP: 8/8
  5146 | D:5      | Reached skill level 5 in Fighting
  5157 | D:5      | Noticed Ijyb
  5164 | D:5      | Killed Ijyb
  5266 | D:5      | Reached skill level 4 in Axes
  5632 | D:6      | Reached skill level 5 in Armour
  5685 | Temple   | Entered the Ecumenical Temple
  6040 | Temple   | Became a worshipper of Makhleb the Destroyer
  6124 | D:6      | Reached skill level 5 in Axes
  6266 | D:6      | Noticed Sigmund
  6273 | D:6      | Killed Sigmund
  6366 | D:6      | Reached skill level 1 in Invocations
  6829 | D:7      | Noticed Duvessa
  6830 | D:7      | Noticed Dowan
  6841 | D:7      | Killed Duvessa
  6842 | D:7      | Reached XP level 9. HP: 55/73 MP: 10/10
  6843 | D:7      | Killed Dowan
  6946 | D:7      | Reached skill level 6 in Axes
  7004 | D:7      | Found Plog's Assorted Antiques.
  7008 | D:7      | Bought a scroll labelled HOICHA TUIKO for 31 gold pieces
  7008 | D:7      | Bought a scroll labelled BESMEMISYB for 31 gold pieces
  7097 | D:7      | Reached * piety under Makhleb
  7238 | D:7      | Found a radiant altar of Vehumet.
  7330 | D:7      | Reached skill level 5 in Shields
  8125 | D:8      | Reached skill level 7 in Axes
  8961 | D:8      | Found a staircase to the Lair.
  8971 | D:8      | Reached ** piety under Makhleb
  9203 | Lair:1   | Entered Level 1 of the Lair of Beasts
  9210 | Lair:1   | Found a broken altar of Ashenzari.
  9246 | Lair:1   | Reached XP level 10. HP: 76/82 MP: 12/12
 10000 | Lair:1   | Noticed a cane toad
 10009 | Lair:1   | Killed a cane toad
 10010 | Lair:1   | Reached skill level 8 in Axes
 10494 | D:9      | Noticed Erolcha
 10532 | D:9      | Noticed a two-headed ogre
 10547 | D:8      | Reached skill level 5 in Invocations
 11186 | D:8      | Killed a two-headed ogre
 11701 | D:9      | Cast into level 1 of the Abyss (Erolcha)
 11765 | Abyss:1  | Noticed a spatial maelstrom
 11774 | Abyss:1  | Found a corrupted altar of Lugonu.
 11785 | Abyss:1  | Noticed an apocalypse crab
 11793 | Abyss:1  | Killed an apocalypse crab
 11797 | Abyss:1  | Noticed a thrashing horror
 11813 | Abyss:1  | Killed a thrashing horror
 11814 | Abyss:1  | Reached XP level 11. HP: 44/89 MP: 15/15
 11825 | Abyss:1  | Noticed a tentacled starspawn
 11837 | Abyss:1  | Killed a tentacled starspawn
 11838 | Abyss:1  | Reached skill level 9 in Axes
 11845 | Abyss:1  | Killed from afar by a ynoxinul

Illustrated notes

Levels and vault maps discovered:
D:1:      minmay_arrival_hallway, layout_loops_ring, st_stairs_13
D:2:      minmay_door_path, layout_loops_ring, basic_altar, uniq_jessica,
          uniq_crazy_yiuf_cottage, uniq_robin
D:3:      layout_rooms, shapermc_ecumenical_altar_mp_highgroup,
          amcnicky_mini_pool_small
D:4:      layout_basic, minmay_temple_entry_from_below_a
D:5:      layout_loops_corners, serial_shops, shop, enter_ossuary_4, uniq_ijyb
D:6:      layout_loops_cross, uniq_sigmund
D:7:      cheibrodos_steamvent, layout_basic, vehumet_crystals, serial_shops,
          nicolae_shop_statue_plus, uniq_duvessa
D:8:      layout_basic, grunt_lair_entry_orc_guard_hut
D:9:      layout_cave_pools, uniq_erolcha
Temple:   mainiacjoe_temple_cubbyholes
Lair:1:   layout_regular_city, basic_altar
Abyss:1:  base:
D:12

Skill      XL: |  1  2  3  4  5  6  7  8  9 10 11 |
---------------+----------------------------------+-----
Maces & Flails | 3 4 |  4.4
Armour         | 3 4 5 6 |  6.7
Shields        | 3 4 5 6 |  6.7
Dodging        | 1 2 |  2.5
Fighting       | 4 5 6 7 |  7.6
Axes           | 1 3 5 7 8 9 |  9.0
Invocations    | 1 3 5 6 |  6.0
Stealth        | |  0.5

Action                   |  1- 3 |  4- 6 |  7- 9 | 10-12 || total
-------------------------+-------+-------+-------+-------++-------
Melee: Flail             |   122 |    83 |       |       ||   205
       Tailslap          |    10 |    23 |    57 |    25 ||   115
       War axe           |       |    44 |   310 |   133 ||   487
Invok: Minor Destruction |       |       |       |    16 ||    16
 Abil: Rolling Charge    |     1 |       |       |     1 ||     2
  Use: Potion            |     1 |       |       |     5 ||     6
       Scroll            |     2 |     5 |     8 |     7 ||    22
Armor: Scale mail        |    60 |    33 |       |       ||    93
       Chain mail        |       |    38 |   128 |       ||   166
       Ring mail         |       |       |    39 |    89 ||   128
Dodge: Dodged            |    57 |    37 |    80 |    37 ||   211
Block: Buckler           |    16 |    34 |   160 |    72 ||   282
       Reflection        |       |       |       |     3 ||     3

Table legend: (Time is in decaauts)
 A = Elapsed time spent in this place.
 B = Non-inter-level travel time spent in this place.
 C = Inter-level travel time spent in this place.
 D = Time resting spent in this place.
 E = Time spent auto-exploring this place.
 F = Levels seen in this place.
 G = Mean time per level.
                   A        B        C        D        E       F      G
               +--------+--------+--------+--------+--------+-----+--------+
         Total |  12006 |  10975 |   1031 |   2098 |   6980 |  13 |  923.5 |
       Dungeon |   9697 |   8800 |    897 |   1786 |   5514 |   9 | 1077.4 |
        Temple |    373 |    290 |     83 |      0 |    289 |   1 |  373.0 |
          Lair |   1275 |   1225 |     50 |    165 |    958 |   1 | 1275.0 |
         Abyss |    145 |    145 |      0 |      0 |      5 |   1 |  145.0 |
       Ossuary |    515 |    515 |      0 |    147 |    214 |   1 |  515.0 |
               +--------+--------+--------+--------+--------+-----+--------+

Top non-repeatable levels by time:
     D:7: 1841 daAuts
     D:1: 1690 daAuts
     D:8: 1680 daAuts
  Lair:1: 1275 daAuts
     D:2: 1112 daAuts
     D:5: 1062 daAuts
     D:6: 790 daAuts
     D:4: 709 daAuts
     D:3: 696 daAuts
 Ossuary: 515 daAuts
  Temple: 373 daAuts
 Abyss:1: 145 daAuts
     D:9: 112 daAuts
